Map: Darkness Sanctuary LE

Players

Harstem

  • Race: Protoss Protoss
  • Spawn Location: 11:00

Nerchio - Winner!

  • Race: Zerg Zerg
  • Spawn Location: 5:00

Event: WCS Valencia 2018

VOD

Have the link to the VOD?

Description

Time

  • Played on: July 13, 2018, 12:22 p.m.
  • Length: 19:02

All games in this series

Show
View Real Time Build Order
Export as new Build Order

Harstem Protoss 

Build Orders: 1 Gate Expand, Oracle Opening, Phoenix Opening, Carriers, Zealot Archon, Archon Drop 

Get SALT Encoding   

  12  0:00  Probe  
  13  0:13  Probe  
  14  0:19  Pylon  
  14  0:25  Probe  
  15  0:33  Probe  
  15  0:41  Probe  
  15  0:42  Gateway  
  16  0:49  Assimilator  
  17  0:51  Probe  
  18  1:03  Probe  
  19  1:15  Probe  
  20  1:27  Nexus  
  20  1:36  Cybernetics Core  
  20  1:39  Probe  
  21  1:49  Assimilator  
  21  1:52  Probe  
  22  1:56  Pylon  
  22  2:04  Probe  
  22  2:05  Adept  
  25  2:16  Probe  
  25  2:19  Stargate  
  26  2:28  Probe  
  26  2:29  Warp Gate  
  27  2:32  Adept  
  29  2:37  Probe  
  29  2:40  Probe  
  31  2:45  Probe  
  32  2:52  Probe  
  32  2:55  Probe  
  32  2:57  Phoenix  
  34  3:04  Probe  
  37  3:07  Probe  
  37  3:12  Oracle  
  38  3:16  Probe  
  38  3:19  Probe  
  40  3:21  Pylon  
  43  3:28  Probe  
  43  3:31  Probe  
  45  3:34  Assimilator  
  45  3:39  Gateway  
  45  3:40  Probe  
  46  3:43  Assimilator  
  46  3:44  Robotics Facility  
  46  3:46  Probe  
  47  3:53  Probe  
  48  3:58  Probe  
  48  4:00  Twilight Council  
  48  4:02  Pylon  
  49  4:05  Probe  
  49  4:09  Gateway  
  50  4:11  Gateway  
  50  4:12  Probe  
  51  4:17  Pylon  
  51  4:19  Probe  
  51  4:21  Warp Prism  
  52  4:24  Probe  
  53  4:36  Pylon  
  53  4:38  Adept  
  57  4:43  Templar Archives  
  57  4:55  Nexus  
  57  4:58  Pylon  
  57  4:59  Probe  
  58  5:08  Probe  
  58  5:11  Probe  
  58  5:13  Forge  
  60  5:17  Gateway  
  60  5:19  Gateway  
  60  5:20  Probe  
  61  5:23  Probe  
  62  5:32  Probe  
  62  5:35  High Templar, Probe  
  64  5:36  High Templar x3  
  64  5:38  Protoss Ground Weapons Level 1  
  64  5:39  Charge  
  64  5:40  Archon x2  
  64  5:42  Probe  
  72  5:45  Probe  
  72  5:46  Pylon  
  74  5:50  Probe  
  74  5:53  Probe  
  74  5:54  Pylon  
  74  5:56  Assimilator  
  75  5:58  Probe  
  75  6:00  Assimilator  
  75  6:01  Probe  
  77  6:10  Probe x2  
  80  6:13  Probe  
  81  6:18  Probe x2  
  81  6:21  Probe  
  84  6:26  Probe  
  84  6:27  High Templar x2, Probe  
  84  6:28  Zealot x2  
  84  6:29  Probe  
  94  6:33  Pylon, Archon  
  94  6:35  High Templar  
  94  6:36  Probe x2  
  94  6:37  Psionic Storm  
  99  6:40  Gateway  
  99  6:42  Gateway, Shield Battery  
  99  6:48  High Templar  
  99  6:51  Probe  
  99  6:54  Photon Cannon  
  102  7:05  High Templar x2  
  102  7:06  Immortal  
  102  7:07  Zealot x2  
  102  7:08  Zealot  
  112  7:12  Pylon  
  112  7:14  Shield Battery  
  116  7:33  Zealot x4  
  116  7:34  Probe, Protoss Ground Weapons Level 2  
  125  7:37  Gateway  
  125  7:38  Gateway  
  125  7:40  Immortal  
  125  7:44  Pylon  
  125  7:49  Pylon  
  129  7:52  Pylon  
  129  8:01  Probe  
  129  8:05  Nexus  
  130  8:07  Pylon  
  130  8:08  High Templar x3  
  130  8:09  Zealot x2, High Templar  
  130  8:12  Pylon, Probe x2  
  144  8:14  Archon  
  144  8:15  Archon  
  144  8:17  Immortal  
  144  8:19  Photon Cannon  
  148  8:27  High Templar x2  
  148  8:30  Pylon x2  
  148  8:32  Pylon  
  148  8:34  Pylon  
  152  8:38  Archon  
  152  8:39  Assimilator  
  153  8:41  Probe  
  153  8:42  Assimilator  
  153  8:45  Photon Cannon  
  153  8:48  Photon Cannon  
  153  8:51  Shield Battery  
  153  8:53  Zealot x6  
  165  9:06  Zealot x4  
  159  9:17  Fleet Beacon  
  159  9:18  Observer  
  159  9:20  Stargate  
  159  9:22  Stargate  
  159  9:23  Protoss Air Weapons Level 1  
  153  9:30  Probe  
  151  9:34  Photon Cannon  
  139  9:43  Warp Prism  
  139  9:44  Probe x2  
  139  9:45  Probe  
  142  9:46  Carrier x2  
  142  9:50  Zealot x2, Carrier  
  142  9:51  Zealot  
  142  9:52  Graviton Catapult  
  162  10:11  Mothership  
  162  10:18  Photon Cannon  
  162  10:20  Photon Cannon  
  160  10:22  Photon Cannon, Shield Battery  
  160  10:23  Photon Cannon  
  160  10:25  Zealot  
  160  10:26  Photon Cannon  
  168  10:32  Zealot x2  
  168  10:33  Zealot x2  
  176  10:37  Stalker  
  170  10:51  Carrier  
  170  10:53  Zealot x4  
  170  10:54  Zealot x2  
  180  10:57  High Templar  
  180  10:59  Carrier  
  180  11:02  Carrier  
  182  11:09  Protoss Air Weapons Level 2  
  187  11:40  Observer  
  187  11:46  Photon Cannon, Shield Battery  
  187  11:54  Zealot x2  
  189  12:04  Photon Cannon  
  189  12:06  Photon Cannon  
  189  12:07  Photon Cannon  
  188  12:11  Carrier  
  188  12:18  Carrier  
  188  12:19  Photon Cannon  
  188  12:22  Photon Cannon, Shield Battery  
  194  12:23  Pylon  
  194  12:24  Pylon  
  194  12:28  Photon Cannon  
  189  12:33  Photon Cannon, Probe  
  189  12:34  Photon Cannon  
  189  12:35  Photon Cannon  
  190  12:38  Shield Battery  
  190  12:39  Carrier  
  190  12:41  Protoss Ground Weapons Level 3, Shield Battery, High Templar x2  
  197  13:10  High Templar  
  195  13:15  Shield Battery x2  
  195  13:18  High Templar  
  197  13:21  High Templar  
  197  13:24  Photon Cannon  
  197  13:26  Photon Cannon  
  199  13:27  Shield Battery  
  199  13:33  Observer  
  200  13:46  Warp Prism  
  200  14:06  Nexus  
  200  14:07  Pylon  
  196  15:02  High Templar x2  
  196  15:04  Photon Cannon  
  196  15:05  Photon Cannon  
  200  15:08  Pylon  
  200  15:17  Archon  
  200  15:27  Archon  
  196  15:30  Zealot x6  
  196  15:31  Zealot  
  199  15:41  Zealot x3  
  154  16:05  Pylon  
  154  16:07  Pylon  
  154  16:08  Photon Cannon, Pylon  
  154  16:09  Photon Cannon x3  
  154  16:10  Photon Cannon  
  149  16:11  Photon Cannon, Pylon  
  130  16:31  Pylon  
  130  16:32  Pylon  
  130  16:35  Pylon  
  130  16:36  Pylon  
  130  16:41  Pylon  
  130  16:44  Forge  
  121  17:08  Pylon  
  121  17:10  Pylon x2  
  121  17:32  Photon Cannon  
  121  17:36  Photon Cannon  
  121  17:37  Photon Cannon  
  121  17:38  Photon Cannon  
  121  17:41  Photon Cannon  
  119  17:59  Gateway  
  119  18:00  Gateway, Pylon  
  119  18:01  Photon Cannon, Pylon  
  119  18:02  Photon Cannon  
Show
View Real Time Build Order
Export as new Build Order

Nerchio Zerg - Winner!

Build Orders: Hatch First 

Get SALT Encoding   

  12  0:00  Drone  
  13  0:12  Overlord  
  13  0:17  Drone  
  14  0:31  Drone x2  
  16  0:50  Hatchery  
  16  0:53  Drone  
  16  0:57  Drone  
  16  1:00  Drone  
  18  1:10  Extractor  
  17  1:15  Spawning Pool  
  16  1:19  Drone  
  16  1:22  Drone  
  18  1:28  Drone  
  19  1:38  Overlord  
  19  1:49  Drone  
  20  2:02  Zergling x2, Queen x2  
  20  2:04  Zergling x2  
  26  2:11  Metabolic Boost  
  26  2:14  Drone  
  27  2:17  Drone  
  27  2:22  Drone  
  29  2:24  Drone  
  30  2:41  Zergling x4  
  32  2:45  Hatchery  
  32  2:47  Drone  
  32  2:48  Drone  
  33  2:53  Overlord  
  33  2:58  Drone  
  34  3:04  Queen  
  36  3:12  Drone x2  
  38  3:13  Drone x3  
  38  3:15  Drone  
  38  3:18  Drone  
  43  3:21  Overlord  
  43  3:31  Overlord  
  43  3:40  Lair  
  43  3:43  Drone x6  
  43  3:44  Drone  
  43  3:47  Spore Crawler  
  49  3:50  Drone  
  49  3:53  Drone  
  51  3:55  Queen  
  51  3:59  Extractor  
  51  4:01  Extractor, Overlord  
  51  4:06  Drone x2  
  51  4:07  Drone  
  54  4:11  Spore Crawler  
  54  4:12  Drone  
  54  4:13  Drone  
  54  4:14  Drone  
  54  4:16  Drone  
  57  4:18  Drone  
  57  4:19  Drone  
  57  4:22  Spore Crawler  
  58  4:27  Drone x2  
  58  4:30  Drone x2  
  61  4:31  Drone  
  62  4:39  Hydralisk Den  
  62  4:41  Drone x3  
  62  4:44  Drone x2  
  66  4:49  Extractor  
  66  4:50  Overlord  
  64  4:53  Queen  
  64  4:57  Overlord x2  
  66  5:09  Hydralisk x2  
  66  5:10  Muscular Augments, Hydralisk x2  
  74  5:14  Hydralisk  
  74  5:17  Hydralisk  
  74  5:20  Zergling x8  
  82  5:22  Hydralisk  
  82  5:27  Hydralisk  
  86  5:32  Hydralisk  
  88  5:36  Queen  
  88  5:37  Overlord  
  88  5:38  Hydralisk  
  88  5:42  Queen  
  94  5:43  Hydralisk  
  94  5:48  Overlord  
  94  5:49  Overlord  
  96  6:03  Overlord  
  96  6:06  Hydralisk x5  
  103  6:13  Overlord  
  103  6:25  Zergling x2  
  103  6:26  Zergling x8  
  103  6:27  Grooved Spines  
  103  6:30  Overlord x2, Evolution Chamber  
  107  6:36  Drone x6  
  107  6:37  Drone x2  
  107  6:39  Extractor  
  113  6:46  Drone  
  114  6:47  Drone x2  
  114  6:48  Extractor  
  114  6:49  Drone x2  
  114  6:50  Drone x4  
  120  6:55  Zerg Melee Weapons Level 1  
  120  6:57  Baneling Nest  
  120  6:58  Drone  
  120  6:59  Drone x2  
  120  7:00  Drone x2  
  120  7:09  Drone  
  120  7:10  Drone  
  120  7:11  Drone  
  123  7:16  Infestation Pit  
  123  7:17  Evolution Chamber  
  123  7:21  Hatchery, Drone x5  
  122  7:23  Drone  
  122  7:24  Drone  
  122  7:27  Overlord  
  124  7:30  Drone x3  
  124  7:32  Overlord  
  127  7:38  Hydralisk x2  
  127  7:40  Centrifical Hooks  
  131  7:44  Zerg Missile Weapons Level 1  
  131  7:46  Hydralisk  
  131  7:47  Hydralisk  
  131  7:49  Extractor  
  131  7:51  Hydralisk  
  134  7:53  Hydralisk  
  138  8:01  Hydralisk x4  
  138  8:03  Zergling x2  
  147  8:06  Overlord x2  
  147  8:09  Overlord  
  147  8:11  Overlord  
  147  8:13  Overlord  
  147  8:14  Overseer  
  147  8:21  Hive  
  147  8:23  Zergling x8  
  147  8:24  Zergling x2  
  152  8:34  Zergling x4  
  152  8:35  Zergling x2  
  155  8:42  Zergling x14  
  155  8:44  Hatchery  
  155  8:47  Pneumatized Carapace  
  161  8:48  Overlord  
  161  8:56  Overlord  
  161  8:57  Overlord  
  161  9:02  Zergling x14  
  168  9:03  Zergling x4  
  168  9:04  Zergling x2  
  168  9:09  Zergling x4  
  165  9:12  Zergling x10  
  165  9:13  Zergling x2  
  163  9:22  Spire  
  159  9:27  Zergling x2  
  159  9:28  Zergling x16  
  159  9:29  Zergling x2  
  162  9:32  Adrenal Glands  
  162  9:33  Zerg Melee Weapons Level 2  
  162  9:37  Zergling x2  
  161  9:38  Zerg Ground Armor Level 1  
  161  9:42  Drone  
  161  9:43  Drone x2  
  164  10:01  Spine Crawler  
  164  10:03  Spine Crawler x2  
  164  10:06  Evolution Chamber  
  160  10:21  Overlord  
  159  10:31  Spore Crawler, Drone x2  
  159  10:32  Drone  
  159  10:33  Zerg Missile Weapons Level 2  
  159  10:34  Spine Crawler  
  159  10:35  Spore Crawler  
  159  10:36  Greater Spire  
  159  10:38  Corruptor x3  
  159  10:40  Hatchery  
  163  10:52  Zergling x52  
  163  10:55  Hatchery  
  188  10:57  Overlord  
  188  11:03  Overlord  
  183  11:12  Zergling x2  
  183  11:13  Zergling x16  
  183  11:17  Overlord  
  186  11:20  Queen  
  186  11:21  Queen  
  186  11:22  Hatchery  
  189  11:32  Spire  
  184  11:36  Baneling x11  
  184  11:51  Zerg Flyer Armor Level 1  
  184  11:58  Zergling x8  
  184  11:59  Zergling x2, Baneling x16  
  183  12:11  Zerg Ground Armor Level 2, Zerg Melee Weapons Level 3  
  183  12:13  Ultralisk Cavern  
  173  12:31  Baneling x2  
  173  12:32  Baneling x4  
  173  12:40  Drone x3  
  176  12:46  Zerg Flyer Weapons Level 1  
  176  12:50  Drone x3  
  179  12:51  Spine Crawler x2  
  179  12:52  Spine Crawler  
  179  12:53  Drone  
  179  12:54  Spine Crawler x3, Drone x2  
  179  12:56  Spore Crawler  
  143  13:14  Chitinous Plating  
  143  13:16  Ultralisk x3  
  143  13:17  Ultralisk x3  
  143  13:18  Ultralisk  
  185  13:20  Ultralisk x2  
  185  13:26  Drone x3  
  200  13:33  Overseer  
  196  13:36  Overseer x3  
  190  13:43  Zergling x20  
  200  13:51  Baneling  
  200  13:52  Baneling x25  
  200  13:53  Overseer x3  
  200  13:55  Zergling x4  
  196  14:31  Zergling x8  
  196  14:32  Zergling x2  
  195  14:48  Queen  
  193  14:54  Zergling x18  
  193  14:57  Overseer x2  
  175  15:31  Zergling x58  
  197  15:35  Overlord x2  
  192  15:43  Overlord x2  
  190  15:53  Overlord x2  
  179  16:01  Corruptor  
  179  16:02  Corruptor x5  
  197  16:08  Corruptor  
  196  16:14  Corruptor  
  196  16:16  Corruptor x3  
  196  16:17  Corruptor  
  199  16:21  Hatchery  
  199  16:22  Corruptor  
  199  16:32  Spire  
  199  16:35  Ultralisk Cavern  
  199  16:36  Lair, Hatchery  
  199  16:37  Spawning Pool  
  199  16:39  Hydralisk Den  
  181  16:49  Zergling x32  
  181  16:55  Zergling x4  
  181  17:00  Zergling x6  
  180  17:07  Lair  
  180  17:25  Hatchery  
  179  17:36  Drone x2  
  179  17:37  Hatchery, Drone  
  180  17:54  Corruptor x10  
  200  18:03  Overseer  
  200  18:04  Overseer  
  190  18:18  Zergling x30  
  192  18:35  Zergling x16  
Tags
 
Add a new tag
Caveats
  • Supply blocks, unpowered buildings, or Contaminate may cause inaccurate times.
  • Supply counts are checked every 10 seconds.